 Dungeon Crawl Stone Soup version 0.21-a0-110-g8e1637b (webtiles) character file.

863 Charly the Insei (level 8, 0/62 HPs)
             Began as a Barachi Transmuter on July 8, 2017.
             Killed from afar by an orc wizard (4 damage)
             ... with a magic dart
             ... on level 6 of the Dungeon.
             The game lasted 00:22:52 (1632 turns).

Charly the Insei (Barachi Transmuter)               Turns: 1632, Time: 00:22:53

Health: 0/62       AC:  2    Str: 12      XL:     8   Next: 2%
Magic:  4/11       EV: 21    Int: 16      God:
Gold:   159        SH:  0    Dex: 16 (17) Spells: 6/11 levels left

rFire    . . .     SeeInvis .     - Unarmed
rCold    . . .     Gourm    .   (shield currently unavailable)
rNeg     . . .     Faith    .   (armour currently unavailable)
rPois    x         Spirit   .   (helmet currently unavailable)
rElec    .         Reflect  .   (cloak currently unavailable)
rCorr    .         Harm     .   (gloves currently unavailable)
MR       .....                  (boots currently unavailable)
Stlth    +.........             (no amulet)
HPRegen  0.20/turn              (no ring)
MPRegen  0.12/turn              (no ring)

@: spider-form (expiring), very slightly contaminated, drained
A: +LOS, swims
a: End Transformation


You were on level 6 of the Dungeon.
You were not hungry.
You were a venomous arachnid creature.
You visited 2 branches of the dungeon, and saw 9 of its levels.

You collected 159 gold pieces.

Inventory:

Missiles
 a - 76 arrows
Armour
 b - a +0 robe (melded)
 i - a +2 helmet (melded)
 j - a +1 pair of boots (melded)
 m - a cursed +0 leather armour
 n - a +2 scale mail of fire resistance
Wands
 t - a wand of polymorph (20/24)
Scrolls
 e - 2 scrolls of identify
 g - a scroll of enchant weapon
 h - 4 scrolls of immolation
 k - a scroll of fear
 l - 2 scrolls of remove curse
Potions
 f - a potion of berserk rage
 r - a potion of might
Books
 c - a book of Changes

   Spells                             Type                      Level
   a - Beastly Appendage              Transmutation                1
   b - Sticks to Snakes               Transmutation                2
   c - Spider Form                    Transmutation/Poison         3
   d - Ice Form                       Ice/Transmutation            4
   e - Blade Hands                    Transmutation                5
Comestibles
 d - 2 bread rations
 o - 2 meat rations


   Skills:
 - Level 5.3(4.4) Fighting
 + Level 4.2(3.3) Dodging
 + Level 7.6(6.7) Unarmed Combat
 - Level 2.1(1.3) Spellcasting
 - Level 3.2(2.4) Transmutations


You had 6 spell levels left.
You knew the following spells:

 Your Spells              Type           Power        Failure   Level  Hunger
s - Sticks to Snakes      Tmut           #.......     28%         2    ###....
S - Spider Form           Tmut/Pois      #.........   61%         3    ####...


Dungeon Overview and Level Annotations

Branches:
Dungeon (8/15)             Temple (1/1) D:4
   Lair: D:8-11

Altars:
Ashenzari
Dithmenos
Elyvilon
Fedhas
Hepliaklqana
Makhleb
Nemelex Xobeh
Qazlal
Trog
Vehumet
Wu Jian
Xom
Yredelemnul


Innate Abilities, Weirdness & Mutations

Shadows flee at your approach. (+LOS)
You can swim through water.
((You cover ground slowly.))
((You can hop short distances.))


Message History

* * * LOW HITPOINT WARNING * * *
You feel drained.
* * * LOW HITPOINT WARNING * * *
Okay, then.
As you read the scroll labeled KYR EWNAMIU, it crumbles to dust.
It is a scroll of recharging.
Charge which item? (? for menu, Esc to quit)
Your wand of polymorph (?/24) glows for a moment.
You are ready to hop once more.
The wight hits you with an enchanted hand axe.
* * * LOW HITPOINT WARNING * * *
You feel drained.
* * * LOW HITPOINT WARNING * * *
The wight closely misses you.
Okay, then.
An orc comes into view. It is wielding a short sword.
The orc wizard shouts!
The orc wizard casts a spell at you. The magic dart hits you!
You die...

#.##.......###..........#...#
####..........#...>........#...#
...####.........##........###.#
#..###.......####........###.#
#..#........# #........<..).#
####......<...# #....o...>..###
.....###.###### #.........(.#
####.###.# ##........(.##
###.....#######s....o.....#
##.....###.gz.z..#....>.÷.##
...###.###z#######.....÷.##
.....#.#{..# #.#####.#
####.$..g### #. #.#
##......#####...# #.#
#.....###........g.# #.# ..#####
#.......... #.# .# #...>...g #.#


You could see 3 wights, an orc wizard, a gnoll and an orc (wandering).

Vanquished Creatures
  The ghost of anything the Shooter, an amateur OpHu (D:4)
  2 centaurs
  3 bullfrogs
  2 scorpions (D:4)
  A howler monkey (D:4)
  A crimson imp (D:6)
  A quasit (D:8)
  A centaur skeleton (D:5)
  An orc wizard (D:4)
  An orc priest (D:4)
  2 worker ants (D:4)
  An adder (D:6)
  4 gnolls (D:6)
  An ooze (D:3)
  An adder skeleton (D:4)
  3 leopard geckos
  4 orcs
  2 goblins
  4 hobgoblins
  A quokka (D:2)
  3 bats
  2 frilled lizards (D:3)
  4 kobolds
46 creatures vanquished.

Vanquished Creatures (collateral kills)
  A howler monkey (D:4)
  An orc (D:3)
  A goblin (D:2)
3 creatures vanquished.

Grand Total: 49 creatures vanquished

Notes
Turn   | Place    | Note
-------+----------+-------------------------------------------
     0 | D:1      | Charly the Barachi Transmuter began the quest for the Orb.
     0 | D:1      | Reached XP level 1. HP: 15/15 MP: 3/3
   148 | D:1      | Reached XP level 2. HP: 17/21 MP: 5/5
   152 | D:1      | Learned a level 2 spell: Sticks to Snakes
   385 | D:3      | Found a shimmering altar of Xom.
   398 | D:3      | Found a bloodstained altar of Trog.
   414 | D:3      | Reached XP level 3. HP: 14/26 MP: 2/6
   422 | D:4      | Learned a level 3 spell: Spider Form
   447 | D:4      | Noticed a scorpion
   447 | D:4      | Noticed anything's ghost (amateur OpHu)
   469 | D:4      | Found a stormy altar of Qazlal.
   485 | D:4      | Killed anything's ghost
   485 | D:4      | Reached skill level 4 in Unarmed Combat
   485 | D:4      | Reached XP level 4. HP: 26/35 MP: 4/7
   485 | D:4      | Reached XP level 5. HP: 30/41 MP: 4/8
   488 | D:4      | Reached skill level 5 in Unarmed Combat
   702 | D:5      | Entered Level 5 of the Dungeon
   789 | D:4      | Reached XP level 6. HP: 39/47 MP: 0/9
   903 | D:4      | Reached skill level 6 in Unarmed Combat
  1023 | D:4      | Found a staircase to the Ecumenical Temple.
  1029 | Temple   | Entered the Ecumenical Temple
  1177 | D:5      | Found a shattered altar of Ashenzari.
  1328 | D:6      | Reached XP level 7. HP: 54/54 MP: 6/10
  1401 | D:6      | Reached skill level 5 in Fighting
  1420 | D:6      | Reached skill level 7 in Unarmed Combat
  1557 | D:8      | Reached XP level 8. HP: 38/62 MP: 2/11
  1627 | D:6      | HP: 3/62 [wight/enchanted hand axe (1)]
  1632 | D:6      | Killed from afar by an orc wizard

Vault maps used:
D:1:      dpeg_arrival_orchard
D:2:      kennysheep_vampire_church, nicolae_ru_sacrificial_ziggurat,
          first_bread, uniq_jessica
D:3:      old_standard_altar, bloody_trog
D:4:      grunt_qazlal_clouds, minmay_temple_entry_hall, st_stairs_9,
          minmay_ruptured
D:5:      lemuel_doored_altar, kennysheep_mini_moat, led_sif_book,
          gup_sewer_entry_bubbles, minivault_5
D:6:      grunt_temple_overflow_gold_and_silver, serial_shops, shop,
          okawaru_altar_gauntlet_db
D:7:      nicolae_tso_carved_into_rock, cheibriados_altar_1
D:8:      david_lair_generic
Temple:   compressed_dpeg_triangle_lava_temple

Skill      XL: |  1  2  3  4  5  6  7 |
---------------+----------------------+-----
Transmutations | 3 |  3.2
Fighting       | 3 4 5 |  5.3
Unarmed Combat | 4 5 6 7 |  7.6
Dodging        | 3 4 |  4.2
Spellcasting   | |  2.1

Action                   |  1- 3 |  4- 6 |  7- 9 || total
-------------------------+-------+-------+-------++-------
Melee: Unarmed           |    69 |    74 |    55 ||   198
       Kick              |     1 |       |       ||     1
       Punch             |     1 |     2 |       ||     3
 Cast: Beastly Appendage |     4 |       |       ||     4
       Sticks to Snakes  |     5 |     4 |     4 ||    13
       Spider Form       |     2 |     7 |     6 ||    15
 Abil: Hop               |     1 |     3 |     1 ||     5
  Use: Scroll            |     5 |     1 |     7 ||    13
       Potion            |     5 |     1 |       ||     6
 Stab: Distracted        |       |     1 |       ||     1
       Sleeping          |       |     1 |       ||     1
  Eat: Fruit             |     1 |       |       ||     1
       Chunk             |       |     3 |       ||     3
       Bread ration      |       |     1 |       ||     1
Armor: Robe              |     6 |     6 |     8 ||    20
       Skin              |     2 |       |       ||     2
Dodge: Dodged            |    46 |    35 |    62 ||   143
